 Dungeon Crawl Stone Soup version 0.25-b1-37-g2669288c55 (webtiles) character file.

Game seed: 5612862162259695746

95 grindst0ne the Ducker (level 4, -3/35 HPs)
             Began as a Demonspawn Gladiator on June 5, 2020.
             Killed by divine providence
             ... invoked by an orc priest
              (12 damage)
             ... on level 3 of the Dungeon.
             The game lasted 00:02:33 (2099 turns).

grindst0ne the Ducker (Demonspawn Gladiator)        Turns: 2099, Time: 00:02:33

Health: -3/35      AC:  9    Str: 15    XL:     4   Next: 40%
Magic:  4/4        EV:  8    Int:  9    God:
Gold:   143        SH:  0    Dex: 15    Spells: 3/3 levels left

rFire    + . .     SeeInvis .   a - +0 war axe
rCold    . . .     Gourm    .   (no shield)
rNeg     . . .     Faith    .   t - +0 chain mail
rPois    .         Spirit   .   c - +0 helmet
rElec    .         Reflect  .   (no cloak)
rCorr    +         Harm     .   (no gloves)
MR       .....                  (no boots)
Stlth    ..........             (no amulet)
HPRegen  0.11/turn              i - ring of resist corrosion
MPRegen  0.09/turn              r - ring of protection from fire

@: no status effects
A: talons 1
a: no special abilities


You were on level 3 of the Dungeon.
You were not hungry.

You visited 1 branch of the dungeon, and saw 3 of its levels.

You collected 143 gold pieces.

Inventory:

Hand Weapons
 a - a +0 war axe (weapon)
Missiles
 d - 3 throwing nets (quivered)
Armour
 b - a +0 leather armour
 c - a +0 helmet (worn)
 l - a +0 chain mail
 t - a +0 chain mail (worn)
Jewellery
 i - a ring of resist corrosion (left hand)
 r - a ring of protection from fire (right hand)
Scrolls
 g - 2 scrolls of teleportation {unknown}
 j - 4 scrolls of identify {unknown}
 o - 2 scrolls of fog {unknown}
 u - a scroll of remove curse {unknown}
 v - a scroll of immolation {unknown}
 w - a scroll of blinking {unknown}
Potions
 e - a potion of might {unknown}
 k - a potion of berserk rage {unknown}
 m - a potion of cancellation {unknown}
 n - a potion of haste {unknown}
 p - a potion of heal wounds {unknown}
 q - 2 potions of curing {unknown}
 s - a potion of flight {unknown}
Comestibles
 f - 6 rations
 h - 5 chunks of flesh


   Skills:
 + Level 3.1 Fighting
 - Level 2.6 Axes
 - Level 1.7 Throwing
 + Level 2.0 Armour
 + Level 3.4 Dodging


You had 3 spell levels left.
You didn't know any spells.
Your spell library was empty.

Dungeon Overview and Level Annotations

Branches:
Dungeon (3/15)

Altars:


Innate Abilities, Weirdness & Mutations

You have sharp toenails.


Message History

a +0 mace; a +0 flail; an orc corpse You completely miss the orc priest.
The orc priest closely misses you. The orc priest barely misses you.
You barely miss the orc priest. You claw the orc priest.
The orc priest is lightly wounded.
The orc priest hits you with a +0 club.
Your chain mail prevents you from hitting the orc priest.
You claw the orc priest.
The orc priest is moderately wounded.
The orc priest hits you but does no damage.
You hit the orc priest. You claw the orc priest.
The orc priest is almost dead.
The orc priest looks satisfied for a moment.
The orc priest hits you with a +0 club.
* * * LOW HITPOINT WARNING * * *
You hit the orc priest. Your kick misses the orc priest.
The orc priest is almost dead.
The orc priest calls down the wrath of Beogh upon you.
Beogh smites you!
You die...

#o# ## # ### #.# #.. ....#
#.# #.# #.#.# ##'##
####.###.#.# ##o..##
....#...#.# ##o....##
#..#)##..# ##.......#
######..#.#..)####.........#
........[.....@o.'.........+
#.###...)....####.........#
.......##.##.## ##.......##
##.#### #.#### ##.....## #.#
##...## #.# #+## #.# #####.#
#.# ##...#.#
#.#######......##


You could see an orc priest.

Vanquished Creatures
  An ooze (D:2)
  3 worms (D:2)
  A dart slug (D:2)
  7 orcs (D:3)
  3 giant cockroaches
  10 hobgoblins
  7 jackals
  5 kobolds
  2 quokkas
  4 bats (D:1)
  3 frilled lizards (D:1)
  11 goblins
  10 rats
67 creatures vanquished.

Notes
Turn   | Place    | Note
-------+----------+-------------------------------------------
     0 | D:1      | grindst0ne the Demonspawn Gladiator began the quest for the
                  | Orb.
     0 | D:1      | Reached XP level 1. HP: 16/16 MP: 1/1
   413 | D:1      | Gained mutation: You have sharp toenails. [demonic
                  | ancestry]
   413 | D:1      | Reached XP level 2. HP: 22/22 MP: 2/2
   614 | D:1      | Reached skill level 1 in Armour
   979 | D:1      | Reached XP level 3. HP: 28/28 MP: 3/3
  1514 | D:2      | Found a faded altar of an unknown god.
  1545 | D:2      | Reached XP level 4. HP: 29/34 MP: 4/4
  2099 | D:3      | Killed from afar by an orc priest

Illustrated notes

Levels and vault maps discovered:
D:1:      dpeg_arrival_morbid_curiosity, layout_basic
D:2:      layout_basic, chequers_ecumenical_altar_island,
          minmay_misc_feat_alley, mrwooster_statue_mirror
D:3:      layout_loops_corners, first_ration

Skill      XL: |  1  2  3  4 |
---------------+-------------+-----
Dodging        | 3 |  3.4
Armour         | 1 2 |  2.0
Fighting       | 3 |  3.1
Axes           | |  2.6
Throwing       | |  1.7

Action                   |  1- 3 |  4- 6 || total
-------------------------+-------+-------++-------
Melee: War axe           |   111 |    47 ||   158
       Kick              |    19 |    15 ||    34
  Eat: Chunk             |     2 |     2 ||     4
Armor: Leather armour    |    25 |       ||    25
       Chain mail        |    53 |    27 ||    80
Dodge: Dodged            |    91 |    27 ||   118
